 Dungeon Crawl Stone Soup version 0.32-a0-422-g28b100f618 (webtiles) character file.

Game seed: 15987427105869990590

91 javelincjr the Trooper (level 4, -1/41 HPs)
             Began as a Mountain Dwarf Monk on Feb 21, 2024.
             Slain by asd2613's ghost (10 damage)
             ... on level 3 of the Dungeon.
             The game lasted 00:04:30 (1925 turns).

javelincjr the Trooper (Mountain Dwarf Monk)        Turns: 1925, Time: 00:04:31

Health: -1/41      AC:  6    Str: 14 (16) XL:     4   Next: 34%
Magic:  4/4        EV: 11    Int:  8 (10) God:
Gold:   98         SH:  0    Dex: 10 (12) Spells: 3/3 levels left

rFire   + . .        a - +0 hand axe
rCold   . . .        d - orb {light}
rNeg    . . .        k - +0 ring mail
rPois   .            (no helmet)
rElec   .            (no cloak)
rCorr   .            (no gloves)
SInv    .            j - +0 pair of boots
Will    .....        (no amulet) Stlth
                     o - ring of protection from fire
HPRegen 0.26/turn    (no ring)
MPRegen 0.09/turn

%: no passive effects
@: glowing
A: runic magic, artefact enchanting
a: no special abilities


You were on level 3 of the Dungeon.
You visited 1 branch of the dungeon, and saw 3 of its levels.

You collected 98 gold pieces.

Inventory:

Hand Weapons
 a - a +0 hand axe (weapon)
 t - a +0 spear
Missiles
 r - 3 javelins (quivered)
Armour
 b - a +0 robe
 d - an orb of light (worn)
 j - a +0 pair of boots (worn)
 k - a +0 ring mail (worn)
Jewellery
 o - a ring of protection from fire (left hand)
Scrolls
 e - a scroll of summoning {unknown}
 f - 5 scrolls of identify {unknown}
 g - a scroll of teleportation {unknown}
 l - 2 scrolls of torment {unknown}
 m - a scroll of noise {unknown}
 p - a scroll of revelation {unknown}
Potions
 i - a potion of curing
 n - a potion of degeneration
 s - a potion of mutation {unknown}


   Skills:
 * Level 4.4 Fighting
 + Level 4.2 Axes
 + Level 1.8 Armour
 + Level 2.5 Dodging


You had 3 spell levels left.
You didn't know any spells.
Your spell library was empty.

Dungeon Overview and Level Annotations

Branches:
Dungeon (3/15)

Altars:

Annotations:
D:3 asd2613's ghost, weakling MDFi


Innate Abilities, Weirdness & Mutations

Your spellcasting is much less encumbered by armour.
You can use scrolls of enchantment on lesser artefacts.


Message History

You hit asd2613's ghost but do no damage.
Asd2613's ghost is moderately damaged.
Asd2613's ghost barely misses you.
You hit asd2613's ghost but do no damage.
Asd2613's ghost is moderately damaged.
Asd2613's ghost barely misses you.
You hit asd2613's ghost.
Asd2613's ghost is moderately damaged.
Asd2613's ghost closely misses you.
You hit asd2613's ghost but do no damage.
Asd2613's ghost is moderately damaged.
Asd2613's ghost whispers, "Trust me.
Just give in."
Asd2613's ghost barely misses you.
You hit asd2613's ghost but do no damage.
Asd2613's ghost is moderately damaged.
You hit asd2613's ghost.
Asd2613's ghost is moderately damaged.
Asd2613's ghost barely misses you.
You hit asd2613's ghost.
Asd2613's ghost is heavily damaged.
Asd2613's ghost hits you!
You hit asd2613's ghost.
Asd2613's ghost is heavily damaged.
Asd2613's ghost hits you!
* * * LOW HITPOINT WARNING * * *
You hit asd2613's ghost.
Asd2613's ghost is severely damaged.
Asd2613's ghost barely misses you.
You hit asd2613's ghost but do no damage.
Asd2613's ghost is severely damaged.
You hit asd2613's ghost but do no damage.
Asd2613's ghost is severely damaged.
Asd2613's ghost hits you.
* * * LOW HITPOINT WARNING * * *
It was a potion of cancellation.
Your magical effects are unravelling.
You feel magically purged.
You feel yourself slow down. Asd2613's ghost hits you!
You die...

#... #.># #..## #
..#<####.# #
...#.<..########## .#
........#.....#..## #...
.###.##.#(~~~~'...#.....
.# #.#..#.....#W..).....
.# #.#..#######.@...##.
.# #.#...#.##...###.# .#
#.#..##.##...# # .#
#.#.....##...# .#
#............#
.#####..##...#..#
..†........#.#..#
........).........
######............#


You could see asd2613's ghost.

Vanquished Creatures
  5 adders
  A dart slug (D:2)
  3 endoplasms (D:2)
  A giant cockroach (D:1)
  4 hobgoblins
  2 kobolds (D:2)
  A quokka (D:2)
  2 ball pythons (D:2)
  2 bats
  2 goblins
  4 rats
27 creatures vanquished.

Notes
Turn   | Place    | Note
-------+----------+-------------------------------------------
     0 | D:1      | javelincjr the Mountain Dwarf Monk began the quest for the
                  | Orb.
     0 | D:1      | Reached XP level 1. HP: 19/19 MP: 1/1
   547 | D:1      | You fall into a shaft and drop 1 floor!
   603 | D:2      | Reached XP level 2. HP: 13/27 MP: 2/2
  1017 | D:2      | Reached skill level 1 in Armour
  1021 | D:2      | Reached XP level 3. HP: 22/33 MP: 3/3
  1429 | D:2      | Reached XP level 4. HP: 31/40 MP: 4/4
  1877 | D:3      | Found a runed translucent door.
  1881 | D:3      | Noticed asd2613's ghost (weakling MDFi)
  1925 | D:3      | Slain by asd2613's ghost

Illustrated notes

Levels and vault maps discovered:
D:1:      ncdulo_wetmaze, layout_basic
D:2:      layout_basic, minmay_pentomino_s4
D:3:      minmay_chambers_of_threes, layout_loops_ring, serial_shops, shop,
          ebering_ghost_reflecting_pool

Skill      XL: |  1  2  3 |
---------------+----------+-----
Armour         | 1 |  1.8
Axes           | 4 |  4.2
Fighting       | 4 |  4.4
Dodging        | |  2.5

Action                     |  1- 3 |  4- 6 || total
---------------------------+-------+-------++-------
  Melee: Hand axe          |    61 |    46 ||   107
    Use: Potion            |       |     5 ||     5
 Armour: Ring mail         |    39 |    23 ||    62
         Robe              |     3 |       ||     3
  Dodge: Dodged            |    35 |    25 ||    60

Table legend: (Time is in decaauts)
 A = Elapsed time spent in this place.
 B = Non-inter-level travel time spent in this place.
 C = Inter-level travel time spent in this place.
 D = Time resting spent in this place.
 E = Time spent auto-exploring this place.
 F = Levels seen in this place.
 G = Mean time per level.
                   A        B        C        D        E       F      G
               +--------+--------+--------+--------+--------+-----+--------+
         Total |   1936 |   1879 |     57 |      0 |   1606 |   3 |  645.3 |
       Dungeon |   1936 |   1879 |     57 |      0 |   1606 |   3 |  645.3 |
               +--------+--------+--------+--------+--------+-----+--------+

Top non-repeatable levels by time:
     D:2: 999 daAuts
     D:1: 854 daAuts
     D:3: 82 daAuts
